 Dungeon Crawl Stone Soup version 0.25-a0-875-geaba134f46 (webtiles) character file.

Game seed: 3431950338601926060, levelgen mode: classic

798 EnegeticOcto the Slasher (level 7, -2/50 HPs)
             Began as an Octopode Fighter on May 1, 2020.
             Was a Follower of Uskayaw.
             Slain by a sky beast (4 damage)
             ... on level 5 of the Dungeon.
             The game lasted 00:02:35 (5200 turns).

EnegeticOcto the Slasher (Octopode Fighter)         Turns: 5200, Time: 00:02:35

Health: -2/50      AC:  1    Str: 15    XL:     7   Next: 89%
Magic:  8/8        EV: 12    Int: 10    God:    Uskayaw [*.....]
Gold:   218        SH:  9    Dex: 14    Spells: 6/6 levels left

rFire    . . .     SeeInvis .   a - +0 long sword
rCold    . . .     Gourm    .   b - +0 kite shield
rNeg     . . .     Faith    .   (helmet restricted)
rPois    .         Spirit   .   (no amulet)
rElec    .         Reflect  .   (no ring)
rCorr    .         Harm     .   (no ring)
MR       .....                  (no ring)
Stlth    ++........             (no ring)
HPRegen  0.16/turn              (no ring)
MPRegen  0.11/turn              (no ring)
                                (no ring)
                                (no ring)

@: no status effects
A: almost no armour, stealthy swim, amphibious, 8 rings, constrict 8, camouflage
1, gelatinous body 1
a: Stomp, Renounce Religion


You were on level 5 of the Dungeon.
You worshipped Uskayaw.
Uskayaw was noncommittal.
You were not hungry.

You visited 2 branches of the dungeon, and saw 6 of its levels.

You collected 218 gold pieces.

Inventory:

Hand Weapons
 a - a +0 long sword (weapon)
Missiles
 g - a throwing net (quivered)
Armour
 b - a +0 kite shield (worn)
Scrolls
 c - 2 scrolls of remove curse {@r6}
 o - 8 scrolls of teleportation {@r2}
 s - a scroll of immolation {@r4}
Potions
 d - a potion of mutation {unknown}
 h - a potion of brilliance {unknown}
 i - 2 potions of lignification {@q7}
 j - a potion of stabbing {@q5}
 k - 3 potions of might {@q3}
 l - a potion of flight
 m - 2 potions of curing {@q1}
 n - a potion of haste {@q4}
 p - 2 potions of magic
Comestibles
 e - 4 rations
 f - a chunk of flesh


   Skills:
 + Level 5.1 Fighting
 * Level 6.2 Long Blades
 - Level 3.0 Dodging
 + Level 5.1 Shields
 + Level 1.5 Invocations


You had 6 spell levels left.
You didn't know any spells.
Your spell library was empty.

Dungeon Overview and Level Annotations

Branches:
Dungeon (5/15)             Temple (1/1) D:4

Altars:
Ashenzari
Dithmenos
Fedhas
Gozag
Hepliaklqana
Kikubaaqudgha
Makhleb
Okawaru
Qazlal
Sif Muna
Trog
Uskayaw
Vehumet
Xom
Zin
The Shining One

Shops:
D:4 !


Innate Abilities, Weirdness & Mutations

You cannot wear most types of armour.
You are very stealthy in the water. (Stealth+)
You are amphibious.
You can wear up to eight rings at the same time.
You can use your tentacles to constrict eight enemies at once.
Your skin changes colour to match your surroundings (Stealth+).
Your rubbery body absorbs attacks. (AC +1, EV +1)


Message History

HP restored.
You now have 218 gold pieces (gained 17).
A hound comes into view.
A hound is nearby!
A hound is nearby!
A hound is nearby!
The hound barks!
The hound closely misses you. You block the hound's attack.
You see here a ring mail.
You hit the hound but do no damage. You grab the hound.
You constrict the hound. You block the hound's attack.
An adder comes into view.
The hound bites you.
You barely miss the hound.
The hound is moderately wounded.
You constrict the hound.
The adder hisses angrily.
You block the hound's attack.
You hit the hound.
The hound is severely wounded.
You constrict the hound. The hound bites you. x2
You can now pass through a line of other dancers.
You hit the hound but do no damage.
The hound is severely wounded.
You constrict the hound.
You kill the hound!
The adder barely misses you.
Found a potion of might.
You hit the adder but do no damage. Your grab misses the adder.
You block the adder's attack. The adder misses you.
You riposte.
You hit the adder but do no damage. You grab the adder.
You hit the adder but do no damage. Your squeeze misses the adder.
You constrict the adder. You block the adder's attack.
You slash the adder!
You kill the adder!
Uskayaw will force your foes to helplessly watch your dance.
No target in view!
You can no longer pass through a line of other dancers.
Found 9 arrows.
You see here an adder corpse.
You butcher the adder corpse.
f - a chunk of flesh You see here an adder skeleton. x2
k - 3 potions of might {@q3} (gained 1)
o - 8 scrolls of teleportation {@r2} (gained 2)
A sky beast comes into view.
Found 16 gold pieces.
Found a scroll of teleportation.
You block the sky beast's attack.
You closely miss the sky beast. You block the sky beast's attack.
The sky beast hits you. The sky beast shocks you.
A sky beast is nearby!
A sky beast is nearby!
A sky beast is nearby!
A sky beast is nearby!
You barely miss the sky beast.
The sky beast flickers out of sight!
Deactivating autopickup; reactivate with Ctrl-A.
Something hits you. Something shocks you.
No target in view!
No target in view!
No target in view!
No target in view!
No target in view!
No target in view!
No target in view!
No target in view!
No target in view!
You miss something. You squeeze something!
A sky beast appears from thin air!
Reactivating autopickup.
The sky beast closely misses you.
You closely miss the sky beast.
The sky beast is moderately wounded.
The sky beast barely misses you.
You barely miss the sky beast.
The sky beast is moderately wounded.
You block the sky beast's attack.
You hit the sky beast but do no damage.
The sky beast is moderately wounded.
The sky beast hits you. The sky beast shocks you.
The sky beast flickers out of sight!
Deactivating autopickup; reactivate with Ctrl-A.
Something hits you. Something shocks you.
You miss something.
A sky beast appears from thin air!
Reactivating autopickup.
You block the sky beast's attack.
You hit the sky beast but do no damage.
The sky beast is moderately wounded.
The sky beast barely misses you.
You barely miss the sky beast.
The sky beast is moderately wounded.
The sky beast flickers out of sight!
Deactivating autopickup; reactivate with Ctrl-A.
Something hits you. Something shocks you.
* * * LOW HITPOINT WARNING * * *
You miss something. Something hits you.
* * * LOW HITPOINT WARNING * * *
Something shocks you.
* * * LOW HITPOINT WARNING * * *
You hit something but do no damage. You squeeze something! Something hits you.
You die...

###.....## . ........#
.. .......# #..##
.....## #....# .....#
......####....#
#.............## ###
#.....≈.{@.....#...#
#.?.................
..............####.###
....$..........###....
.................#....
......................
........(.............
.........#............
.................#.#


There were no monsters in sight!

Vanquished Creatures
  Sigmund (D:4)
  Menkaure (D:5)
  Edmund (D:4)
  Blork the orc (D:4)
  2 howler monkeys
  A hound (D:5)
  A bullfrog skeleton (D:5)
  Terence (D:3)
  A worker ant (D:4)
  4 adders
  4 gnolls (D:3)
  3 oozes
  A worm (D:4)
  A dart slug (D:1)
  6 leopard geckos
  3 orcs (D:3)
  3 ball pythons
  6 giant cockroaches
  4 goblins
  5 hobgoblins
  6 jackals
  2 quokkas
  4 bats
  4 frilled lizards
  8 kobolds
  A leopard gecko skeleton (D:5)
  2 rats
77 creatures vanquished.

Notes
Turn   | Place    | Note
-------+----------+-------------------------------------------
     0 | D:1      | EnegeticOcto the Octopode Fighter began the quest for the
                  | Orb.
     0 | D:1      | Reached XP level 1. HP: 16/16 MP: 1/1
   128 | D:1      | Reached XP level 2. HP: 19/21 MP: 2/2
   524 | D:1      | Reached XP level 3. HP: 26/26 MP: 3/3
   865 | D:1      | Reached skill level 3 in Long Blades
  1388 | D:2      | Found a shimmering altar of Xom.
  1388 | D:2      | Found a burning altar of Makhleb.
  1858 | D:2      | Reached XP level 4. HP: 27/31 MP: 4/4
  2033 | D:2      | Found a faded altar of an unknown god.
  2235 | D:3      | Noticed Terence
  2244 | D:3      | Killed Terence
  2673 | D:3      | Reached XP level 5. HP: 26/37 MP: 5/5
  2682 | D:3      | Reached skill level 4 in Long Blades
  3498 | D:4      | Noticed Sigmund
  3526 | D:4      | Killed Sigmund
  3526 | D:4      | Reached XP level 6. HP: 17/44 MP: 6/6
  3848 | D:4      | Noticed Blork the orc
  3855 | D:4      | Reached skill level 5 in Long Blades
  3858 | D:4      | Killed Blork the orc
  3858 | D:4      | Reached XP level 7. HP: 22/49 MP: 7/7
  4135 | D:4      | Noticed Edmund
  4149 | D:4      | Killed Edmund
  4377 | D:4      | Found a staircase to the Ecumenical Temple.
  4382 | Temple   | Entered the Ecumenical Temple
  4470 | Temple   | Became a worshipper of Uskayaw the Reveler
  4508 | D:4      | Reached * piety under Uskayaw
  4650 | D:4      | Found Gerienn's Distillery.
  4874 | D:5      | Entered Level 5 of the Dungeon
  4880 | D:5      | Noticed Menkaure
  4892 | D:5      | Reached ** piety under Uskayaw
  4895 | D:5      | Reached *** piety under Uskayaw
  4896 | D:5      | Killed Menkaure
  4896 | D:5      | Reached skill level 5 in Fighting
  4896 | D:5      | Reached skill level 6 in Long Blades
  4896 | D:5      | Reached skill level 5 in Shields
  4896 | D:5      | Reached skill level 1 in Invocations
  5199 | D:5      | HP: 2/50 [something (6)]
  5200 | D:5      | Slain by a sky beast

Levels and vault maps discovered:
D:1:      dpeg_arrival_water_fire, layout_basic
D:2:      layout_basic, gammafunk_temple_overflow_pools, first_ration,
          serial_bayou, serial_bayou_crossing, serial_bayou_pond_c,
          serial_bayou_pond_a, serial_bayou_lagoon_b,
          chequers_ecumenical_altar_simple_redux
D:3:      layout_loops_corners, uniq_terence
D:4:      layout_gridville, minmay_temple_entry_statues_pillars, serial_shops,
          nicolae_shop_statue_plus, uniq_edmund, uniq_blork_the_orc,
          uniq_sigmund
D:5:      layout_cave_pools, serial_shops, nicolae_shop_waterfront, basic_altar,
          dk_rats_in_the_wall, uniq_grinder, uniq_ijyb, uniq_menkaure
Temple:   eino_temple_scatter_basement

Skill      XL: |  1  2  3  4  5  6  7 |
---------------+----------------------+-----
Long Blades    | 3 4 5 6 |  6.2
Fighting       | 4 5 |  5.1
Shields        | 4 5 |  5.1
Invocations    | 1 |  1.5
Dodging        | |  3.0

Action                   |  1- 3 |  4- 6 |  7- 9 || total
-------------------------+-------+-------+-------++-------
Melee: Long sword        |    62 |    70 |    55 ||   187
       Tentacles         |    13 |    14 |    13 ||    40
       Constrict         |    14 |    20 |     7 ||    41
Throw: Throwing net      |       |     2 |       ||     2
  Use: Scroll            |       |     8 |     4 ||    12
       Potion            |       |       |     1 ||     1
 Stab: Sleeping          |     7 |     5 |     2 ||    14
       Held in net/web   |       |     1 |       ||     1
       Distracted        |       |     2 |       ||     2
       Paralysed         |       |       |     1 ||     1
  Eat: Chunk             |     3 |     5 |     2 ||    10
       Ration            |       |       |     2 ||     2
Armor: Skin              |     2 |     2 |     9 ||    13
Dodge: Dodged            |    15 |    37 |    14 ||    66
Block: Kite shield       |    17 |    27 |    27 ||    71
       Rpst.: Long sword |     3 |    10 |     3 ||    16

Table legend:
 A = Non-vault XP
 B = Vault XP
 C = Vault XP percentage of total XP
 D = Non-vault monster count
 E = Vault monster count
 F = Vault count percentage of total count
                 A         B        C        D         E       F
            +---------+---------+-------+---------+---------+-------
      Total |     446 |     694 |  60.9 |      72 |       5 |   6.5
            +---------+---------+-------+---------+---------+-------
        D:1 |      49 |       0 |   0.0 |      23 |       0 |   0.0
        D:2 |      39 |       0 |   0.0 |      17 |       0 |   0.0
        D:3 |     110 |      36 |  24.7 |      18 |       1 |   5.3
        D:4 |     114 |     486 |  81.0 |       7 |       3 |  30.0
        D:5 |     134 |     172 |  56.2 |       7 |       1 |  12.5
            +---------+---------+-------+---------+---------+-------
